Map: Triton LE

Players

Mindblowing - Winner!

  • Race: Protoss Protoss
  • League: Master
  • Spawn Location: 11:00

Mez

  • Race: Terran Terran
  • League: Master
  • Spawn Location: 5:00

VOD

Have the link to the VOD?

Description

Time

  • Played on: Aug. 30, 2019, 9:46 a.m.
  • Length: 20:37
Show
View Real Time Build Order
Export as new Build Order

Mindblowing Protoss - Winner!

Build Orders: 1 Gate Expand, Archon Immortal 

Get SALT Encoding   

  12  0:00  Probe  
  13  0:13  Probe  
  14  0:18  Pylon  
  14  0:23  Probe  
  15  0:32  Probe  
  15  0:38  Gateway  
  15  0:40  Probe  
  16  0:46  Assimilator  
  17  0:52  Probe  
  18  1:00  Probe  
  18  1:08  Probe  
  20  1:26  Nexus  
  20  1:27  Probe  
  21  1:34  Pylon  
  21  1:44  Cybernetics Core  
  21  1:48  Probe  
  21  1:54  Assimilator  
  22  2:00  Probe  
  23  2:11  Adept  
  23  2:12  Probe  
  24  2:21  Warp Gate  
  26  2:24  Pylon, Probe  
  27  2:38  Probe  
  28  2:45  Stalker  
  28  2:46  Probe x2  
  32  2:55  Probe, Robotics Facility  
  32  2:58  Probe  
  33  3:07  Probe x2  
  35  3:16  Gateway  
  35  3:17  Gateway  
  35  3:18  Probe  
  35  3:19  Probe  
  36  3:22  Sentry  
  39  3:28  Probe  
  39  3:31  Probe  
  41  3:35  Observer, Assimilator  
  41  3:37  Assimilator  
  41  3:40  Pylon  
  41  3:41  Probe  
  42  3:43  Probe  
  44  3:50  Pylon  
  44  3:53  Observer, Probe  
  46  3:55  Probe  
  47  4:05  Probe  
  47  4:07  Probe  
  49  4:11  Forge, Twilight Council  
  49  4:14  Sentry  
  51  4:17  Probe  
  51  4:19  Probe  
  51  4:20  Observer  
  54  4:29  Probe, Stalker  
  57  4:32  Probe  
  57  4:33  Blink  
  57  4:36  Stalker  
  60  4:42  Nexus  
  60  4:44  Pylon  
  60  4:46  Probe  
  60  4:48  Probe  
  62  4:59  Protoss Ground Armor Level 1  
  62  5:01  Probe  
  62  5:02  Probe  
  64  5:12  Immortal  
  69  5:14  Probe x2  
  69  5:16  Stalker  
  69  5:20  Pylon  
  72  5:26  Probe x2  
  74  5:38  Observer, Probe x2  
  74  5:41  Gateway  
  74  5:42  Gateway  
  76  5:45  Gateway  
  76  5:47  Gateway  
  76  5:49  Gateway  
  76  5:52  Pylon  
  76  5:58  Observer  
  76  5:59  Immortal  
  80  6:07  Charge  
  80  6:09  Stalker x3  
  86  6:15  Probe x3  
  89  6:30  Forge  
  89  6:32  Templar Archives, Probe x2  
  91  6:33  Probe  
  91  6:38  Immortal, Pylon  
  96  6:42  Protoss Ground Armor Level 2, Zealot  
  96  6:43  Zealot  
  100  6:48  Protoss Ground Weapons Level 1  
  100  6:49  Probe x3  
  100  6:53  Pylon  
  103  6:54  Pylon  
  103  6:58  Assimilator  
  103  7:00  Assimilator  
  103  7:04  Zealot x2  
  103  7:05  Pylon, Probe x3  
  110  7:16  High Templar x3  
  110  7:17  Zealot x2, High Templar  
  122  7:23  Photon Cannon, Archon, Shield Battery  
  122  7:26  Archon  
  116  7:35  Immortal  
  116  7:37  Probe x3  
  123  7:45  Pylon x2  
  123  7:46  Pylon  
  119  8:04  Stalker  
  119  8:05  Stalker x6  
  125  8:06  Stalker  
  111  8:23  Nexus  
  111  8:25  Pylon  
  91  8:38  Stalker x4  
  91  8:39  Stalker x4  
  105  8:54  Robotics Bay  
  105  8:55  Robotics Facility  
  99  8:58  Protoss Ground Armor Level 3  
  97  9:02  Zealot  
  97  9:03  Zealot x5  
  97  9:04  Zealot x2  
  97  9:05  Gateway  
  97  9:06  Gateway, Protoss Ground Weapons Level 2  
  97  9:08  Pylon  
  111  9:11  Probe x3  
  114  9:26  Zealot x5  
  114  9:27  Zealot x3  
  130  9:45  Assimilator  
  130  9:50  Assimilator  
  128  9:52  Photon Cannon  
  128  9:57  Zealot x3, High Templar x2  
  128  9:58  Zealot x2  
  138  10:01  High Templar, Archon  
  138  10:02  Zealot, High Templar  
  138  10:06  Archon  
  144  10:12  Extended Thermal Lance  
  144  10:18  Zealot x5  
  150  10:25  Zealot  
  130  10:31  Zealot  
  130  10:32  Zealot  
  130  10:34  Zealot x2  
  134  10:40  Colossus x2  
  146  10:57  Zealot x6  
  148  10:58  Zealot x4  
  164  11:19  Stalker x5  
  164  11:20  Stalker x3  
  180  11:37  Stalker x2  
  182  11:46  Zealot x3  
  182  11:47  Zealot x5  
  122  12:10  Stalker  
  122  12:11  Stalker x6  
  122  12:12  Stalker x3  
  123  12:38  Zealot x3  
  123  12:39  Zealot x5  
  123  12:40  Zealot x2  
  117  13:02  Zealot x2  
  117  13:03  Zealot x5  
  117  13:04  Zealot  
  91  13:31  High Templar x2  
  91  13:32  High Templar x3  
  91  13:34  Zealot x4  
  103  13:38  High Templar  
  111  13:45  Archon x3  
  111  13:57  Zealot x3  
  111  13:58  Zealot x4  
  125  14:08  Nexus  
  125  14:10  Pylon  
  125  14:22  Protoss Ground Weapons Level 3  
  125  14:32  Colossus x2  
  125  14:36  Protoss Shields Level 1  
  121  15:07  Zealot x2  
  121  15:08  Zealot x5  
  135  15:19  Shield Battery, High Templar x2  
  135  15:20  Shield Battery  
  139  15:21  High Templar  
  139  15:23  Psionic Storm  
  139  15:28  High Templar  
  141  15:37  Assimilator  
  141  15:39  Assimilator  
  141  15:54  Stalker x3  
  141  15:55  Stalker  
  149  16:01  Stalker  
  149  16:02  Stalker  
  153  16:09  Stalker x2  
  157  16:13  Stalker  
  159  16:25  Stalker x2  
  161  16:26  Stalker  
  165  16:36  Stalker x3  
  169  16:40  Stalker  
  171  16:55  Stalker x4  
  171  16:58  Stalker  
  181  17:09  Stalker  
  181  17:10  Stalker x2  
  181  17:12  Protoss Shields Level 2  
  175  17:39  Nexus  
  175  17:40  High Templar x2  
  175  17:42  Pylon  
  179  17:51  Archon  
  161  18:11  Zealot  
  161  18:12  Zealot x7  
  175  18:13  Zealot x2  
  180  18:36  High Templar x4  
  185  18:46  Archon x2  
  184  18:54  Stalker x2  
  184  18:55  Stalker x3  
  120  19:11  Zealot x2  
  124  19:27  Assimilator  
  122  19:33  Assimilator  
  114  20:16  High Templar x2  
  114  20:17  High Templar x2, Stalker x4  
  114  20:18  Stalker x2  
Show
View Real Time Build Order
Export as new Build Order

Mez Terran 

Build Orders: Reaper Expand 

Get SALT Encoding   

  12  0:00  SCV  
  13  0:12  SCV  
  14  0:17  Supply Depot  
  14  0:25  SCV  
  15  0:38  SCV  
  15  0:39  Barracks  
  16  0:45  Refinery  
  16  0:50  SCV  
  17  1:02  SCV  
  18  1:15  SCV  
  19  1:27  Orbital Command  
  19  1:28  Reaper  
  20  1:44  Command Center  
  20  1:54  Bunker, SCV  
  20  2:00  Marine  
  22  2:03  Supply Depot  
  22  2:07  SCV  
  23  2:19  Barracks Reactor  
  23  2:24  SCV  
  24  2:36  Command Center  
  24  2:37  SCV  
  25  2:50  Factory, SCV  
  26  2:55  Marine  
  26  2:56  Marine  
  28  3:00  Refinery  
  28  3:03  Orbital Command  
  28  3:07  SCV  
  29  3:16  Marine x2  
  29  3:19  SCV  
  32  3:29  SCV  
  32  3:31  SCV  
  34  3:35  Marine x2  
  34  3:36  Widow Mine  
  34  3:39  Starport  
  38  3:41  SCV  
  38  3:43  SCV  
  40  3:50  Orbital Command  
  40  3:53  SCV, Marine x2  
  44  3:55  SCV  
  44  4:05  Refinery, SCV, Factory Tech Lab  
  45  4:13  SCV  
  45  4:15  Marine  
  45  4:16  Starport Tech Lab  
  47  4:17  SCV  
  47  4:20  Supply Depot, SCV  
  47  4:23  Siege Tank  
  52  4:25  SCV  
  52  4:30  SCV  
  54  4:32  SCV  
  54  4:35  Raven  
  54  4:37  Marine x2  
  54  4:38  Barracks  
  59  4:46  SCV x2  
  59  4:47  Barracks, SCV  
  59  4:50  Refinery  
  62  4:53  Supply Depot  
  62  4:57  Supply Depot  
  62  4:58  Siege Tank, SCV x2  
  67  5:02  SCV  
  68  5:07  Marine  
  68  5:13  Supply Depot  
  69  5:14  Marine  
  69  5:15  SCV  
  69  5:19  Supply Depot  
  71  5:29  SCV x2  
  71  5:30  Starport Reactor  
  71  5:33  Engineering Bay  
  73  5:37  Engineering Bay  
  73  5:38  Stimpack  
  73  5:41  SCV  
  75  5:44  Orbital Command, Factory Reactor  
  75  5:46  SCV  
  76  5:52  Barracks x2  
  76  5:53  SCV  
  76  5:58  SCV  
  77  6:04  Combat Shield  
  77  6:05  SCV  
  77  6:07  Marauder x2, Marine x2  
  77  6:09  SCV  
  77  6:11  SCV  
  86  6:18  SCV  
  87  6:20  Medivac x2  
  87  6:21  SCV  
  87  6:22  Widow Mine x2  
  87  6:23  Terran Infantry Armor Level 1, Terran Infantry Weapons Level 1  
  87  6:24  SCV  
  97  6:28  Refinery  
  97  6:30  SCV  
  97  6:32  Supply Depot, Marine, Marauder  
  101  6:36  Supply Depot  
  101  6:53  SCV x3, Marine  
  101  6:54  Widow Mine x2  
  109  6:56  Supply Depot  
  109  6:57  Supply Depot, Medivac x2  
  109  6:58  Marauder  
  109  6:59  Barracks Reactor  
  109  7:00  Barracks Tech Lab, Supply Depot x2  
  115  7:05  SCV  
  115  7:06  Supply Depot, Marine  
  115  7:08  Supply Depot  
  117  7:11  Armory  
  117  7:17  Marine  
  117  7:18  Marauder, SCV x3  
  117  7:20  Marauder x2  
  117  7:21  Refinery  
  117  7:22  Widow Mine x2  
  131  7:34  Marine  
  131  7:35  Marine  
  131  7:36  Medivac x2  
  137  7:38  SCV x3  
  137  7:39  Marauder  
  137  7:42  Marauder  
  137  7:43  Widow Mine x2  
  146  7:55  Marine  
  146  7:56  Marauder, Marine x3  
  143  8:01  Marauder  
  143  8:03  Marine  
  143  8:05  Widow Mine x2  
  134  8:13  Marine  
  134  8:17  Marauder  
  134  8:18  Marine x2  
  134  8:21  Marauder  
  134  8:22  Marauder  
  134  8:27  Barracks x2  
  134  8:28  Barracks  
  134  8:33  Marine x2  
  133  8:37  Command Center  
  133  8:38  Marauder  
  133  8:40  Widow Mine x2  
  137  8:42  Marauder  
  137  8:44  Terran Infantry Armor Level 2, Marauder, Terran Infantry Weapons Level 2  
  141  8:49  Concussive Shells  
  139  8:58  Marine x4  
  139  9:00  Marauder  
  139  9:02  Medivac x2  
  149  9:04  Marauder  
  149  9:05  Marauder  
  149  9:09  Starport  
  153  9:10  Starport  
  153  9:15  Marine  
  153  9:16  Marine  
  151  9:21  Marauder  
  151  9:23  Barracks Tech Lab x3  
  153  9:26  Terran Ship Weapons Level 1  
  153  9:27  Refinery  
  153  9:28  Liberator x2, Ghost Academy, Refinery  
  153  9:35  Marauder x2  
  157  9:46  Marauder, Marine x4  
  157  9:48  Supply Depot  
  157  9:50  Supply Depot  
  157  9:51  Supply Depot  
  155  9:57  Marauder, Marine x3  
  155  9:58  Marauder  
  162  10:04  Starport Reactor, Marine x4  
  162  10:05  Starport Tech Lab  
  166  10:10  Planetary Fortress  
  166  10:15  Ghost x3  
  166  10:17  Liberator  
  153  10:32  Marauder x3, Marine x4  
  153  10:35  Liberator x2  
  156  10:37  Widow Mine x2  
  154  10:44  Marine  
  161  10:57  Missile Turret  
  161  10:58  Fusion Core  
  161  10:59  Missile Turret  
  161  11:01  SCV x2  
  161  11:02  SCV x2  
  165  11:07  Marauder x3  
  171  11:13  SCV  
  171  11:17  Marauder, Marine x2  
  176  11:26  Ghost  
  176  11:27  Ghost x2  
  176  11:28  Marine  
  176  11:30  Liberator x2  
  178  11:35  Marine  
  178  11:36  Marauder  
  181  11:46  Marine  
  172  11:47  Marauder x2  
  172  11:48  Marine x2  
  172  11:53  Marine  
  166  11:59  Marauder  
  149  12:11  Marauder x4, Marine x5  
  161  12:20  Marauder  
  105  12:22  Orbital Command  
  152  12:24  Medivac x3  
  152  12:27  Orbital Command  
  154  12:30  Medivac  
  156  12:40  Viking  
  147  12:54  Viking  
  115  13:10  Marauder, Marine  
  115  13:12  Liberator  
  90  13:17  Marauder x3, Marine x5  
  90  13:19  SCV  
  89  13:20  SCV x3  
  83  13:32  SCV x2  
  88  13:41  Marine x7  
  89  13:43  Liberator x2  
  95  13:58  Marine x4  
  95  13:59  Marine x2  
  107  14:06  SCV x2  
  107  14:07  SCV x2  
  111  14:10  Refinery  
  111  14:13  Refinery  
  111  14:18  SCV  
  111  14:19  SCV x3  
  115  14:32  Liberator x4  
  115  14:34  Liberator  
  115  14:43  Command Center  
  114  14:49  Sensor Tower  
  123  15:00  Marine x7  
  123  15:01  Marauder, Marine  
  123  15:02  Command Center  
  131  15:12  Refinery  
  131  15:26  Marauder x3  
  131  15:27  Marauder, Sensor Tower  
  131  15:28  Marauder, Marine x5  
  146  15:52  Command Center  
  146  16:00  Sensor Tower  
  146  16:05  Ghost x2  
  150  16:16  Ghost  
  150  16:27  Ghost  
  152  16:45  Ghost x2  
  155  17:00  Planetary Fortress  
  155  17:02  SCV x3  
  158  17:14  SCV  
  158  17:15  Marauder, Marine  
  153  17:39  Refinery  
  153  17:44  Marauder x2, Marine x2  
  153  17:45  Marauder  
  147  18:15  Marine x2  
  147  18:16  Marauder x2  
  152  18:25  Marauder x2, Marine x2  
  90  19:04  Marauder, Marine x4  
  68  19:24  Medivac x3  
  68  19:25  Medivac x2  
  77  19:39  Planetary Fortress  
  67  19:54  Medivac  
Tags
 
Add a new tag
Caveats
  • Supply blocks, unpowered buildings, or Contaminate may cause inaccurate times.
  • Supply counts are checked every 10 seconds.